 Dungeon Crawl Stone Soup version 0.29-a0-887-gcbe080d7e0 (webtiles) character file.

Game seed: 2166745485533329024

87791 SkeletonJelly the Warrior (level 15, -29/135 (138) HPs)
             Began as a Barachi Fighter on July 21, 2022.
             Was an Elder of Okawaru.
             Annihilated by an anaconda simulacrum (31 damage)
             ... in an ice cave.
             The game lasted 01:20:56 (36876 turns).

SkeletonJelly the Warrior (Barachi Fighter)        Turns: 36876, Time: 01:20:57

HP:   -29/135 (138) AC: 37    Str: 30    XL:     15   Next: 91%
MP:   22/22         EV: 11    Int: 15    God:    Okawaru [****..]
Gold: 2112          SH:  8    Dex: 12    Spells: 14/14 levels left

rFire   . . .      SeeInvis .   H - +3 long sword (vorpal)
rCold   . . .      Faith    .   c - +2 buckler {AC+3}
rNeg    . . .      Spirit   .   Y - +3 plate armour {rPois}
rPois   +          Reflect  .   p - +1 helmet
rElec   .          Harm     .   o - +0 cloak
rCorr   .          Rampage  .   C - +2 pair of gloves
Will    ++...                   X - +0 pair of boots
Stlth   ..........              (no amulet)
HPRegen 0.32/turn               j - +6 ring of strength
MPRegen 0.18/turn               J - ring of Dula Icw {Will+ AC+4 Int+6}

@: studying Armour, lightly drained, invisible, slow
A: amphibious, slowness 1, strong legs 2, +LOS
a: Hop, Renounce Religion, Heroism, Finesse


You were in an ice cave.
You worshipped Okawaru.
Okawaru was greatly pleased with you.
You visited 4 branches of the dungeon, and saw 23 of its levels.
You also visited: Ice Cave.

You collected 2112 gold pieces.

Inventory:

Hand Weapons
 w - a +2 dagger of electrocution
 H - a +3 vorpal long sword (weapon)
 M - a +3 long sword
Missiles
 t - 28 poisoned darts
 B - 4 throwing nets
Armour
 c - a +2 buckler of protection (worn)
 o - a +0 cloak (worn)
 p - a +1 helmet (worn)
 C - a +2 pair of gloves (worn)
 F - a +2 scale mail of willpower
 N - the +3 ring mail "Omiut" {rCorr Str+2}
   (You found it on level 7 of the Dungeon)

   Str:       It affects your strength (+2).
   rCorr:     It protects you from acid and corrosion.
 X - a +0 pair of boots (worn)
 Y - a +3 plate armour of poison resistance (worn)
Jewellery
 j - a +6 ring of strength (left hand)
 q - a +6 ring of intelligence
 x - a ring of protection from fire
 I - a ring of fire
 J - the ring of Dula Icw (right hand) {Will+ AC+4 Int+6}
   (You took it off an orc wizard on level 7 of the Dungeon)

   [ring of protection]

   AC:        It affects your AC (+4).
   Int:       It affects your intelligence (+6).
   Will:      It increases your willpower.
 O - a +4 ring of evasion
 P - a ring of positive energy
 Q - a ring of resist corrosion
 R - a ring of willpower
Wands
 u - a wand of iceblast (1)
 y - a wand of flame (8) (quivered)
 V - a wand of quicksilver (4)
 Z - a wand of polymorph (5)
Scrolls
 h - 3 scrolls of brand weapon
 k - 15 scrolls of teleportation
 l - a scroll of vulnerability
 r - 3 scrolls of magic mapping
 s - a scroll of blinking
 A - 5 scrolls of enchant armour
 K - a scroll of fear
 S - a scroll of poison
 T - a scroll of summoning {unknown}
 W - 2 scrolls of amnesia
Potions
 b - a potion of lignification {unknown}
 d - 4 potions of might
 f - 2 potions of attraction
 g - a potion of cancellation
 i - 7 potions of curing
 m - 4 potions of ambrosia
 n - 2 potions of magic
 v - 2 potions of flight
 z - 3 potions of mutation {unknown}
 D - 2 potions of resistance
 E - 2 potions of berserk rage
 G - 5 potions of brilliance
 L - a potion of invisibility
 U - a potion of degeneration {unknown}
Miscellaneous
 a - a condenser vane


   Skills:
 + Level 18.9 Fighting
 - Level 14.0 Long Blades
 + Level 16.9 Armour
 - Level 9.0 Dodging
 - Level 8.3 Shields
 - Level 10.0 Invocations
 * Level 2.7 Evocations


You had 14 spell levels left.
You didn't know any spells.
Your spell library contained the following spells:

 Spells                   Type           Power      Damage    Failure   Level
 Apportation              Tloc           0%         N/A       86%         1
 Poisonous Vapours        Pois/Air       0%         N/A       94%         2
 Scorch                   Fire           0%         2d5       94%         2
 Sublimation of Blood     Necr           0%         N/A       94%         2
 Inner Flame              Hex/Fire       0%         N/A       99%         3
 Portal Projectile        Hex/Tloc       0%         N/A       99%         3
 Cause Fear               Hex            0%         N/A       100%        4
 Corpse Rot               Necr/Pois/Air  0%         N/A       100%        4
 Flame Wave               Conj/Fire      0%         2d4       100%        4
 Leda's Liquefaction      Hex/Erth       0%         N/A       100%        4
 Petrify                  Tmut/Erth      0%         N/A       100%        4
 Alistair's Intoxication  Tmut/Pois      0%         N/A       100%        5
 Irradiate                Conj/Tmut      0%         3d11      100%        5
 Eringya's Noxious Bog    Tmut/Pois      0%         N/A       100%        6
 Discord                  Hex            0%         N/A       100%        8
 Call Canine Familiar     Summ           Unusable   N/A       N/A         3
 Summon Forest            Summ/Tloc      Unusable   N/A       N/A         5
 Summon Cactus Giant      Summ           Unusable   N/A       N/A         6
 Summon Hydra             Summ           Unusable   N/A       N/A         7

Dungeon Overview and Level Annotations

Branches:
Dungeon (15/15)            Temple (1/1) D:4            Lair (5/5) D:11
  Swamp (0/4) Lair:2       Spider (0/4) Lair:2        Slime (0/5) Lair:4
    Orc (2/2) D:11            Elf (0/3) Orc:2        Vaults (0/5) D:13
 Depths (0/4) D:15          IceCv (1/1)

Altars:
Ashenzari
Cheibriados
Dithmenos
Elyvilon
Fedhas
Gozag
Hepliaklqana
Kikubaaqudgha
Makhleb
Nemelex Xobeh
Okawaru
Qazlal
Ru
Sif Muna
Trog
Uskayaw
Vehumet
Wu Jian
Xom
Yredelemnul
Zin
The Shining One
Jiyva

Shops:
D:1 [   D:5 (   D:11 *   Orc:1 =(=   Orc:2 [:*(

Portals:
Trove: D:10 (give 5 scrolls of blinking)

Annotations:
D:13 2 transporters
Lair:5 3 runed translucent doors, Ciataod's ghost, journeyman DEVM
Orc:2 exclusion: oklob plant


Innate Abilities, Weirdness & Mutations

You are amphibious.
You cover ground slowly.
You can hop long distances.
You have an extended range of vision and can be seen from far away.


Message History

You take 17 damage, and have 33/135 hp.
You now have 20/22 mp.
You can now deal lightning-fast blows.
The meliai barely misses you. You block the meliai's attack.
The meliai misses you. The meliai closely misses you. x2
You block the meliai's attack. x2; The meliai barely misses you.
You now have 15/22 mp.
Okay, then.
Unknown command.
Okay, then.
You slash the meliai!
The meliai is heavily wounded.
The meliai closely misses you.
The meliai stings you but does no damage.
The meliai hits you but does no damage.
The meliai stings you but does no damage.
You slash the meliai!
You kill the meliai!
Okawaru accepts your kill. You block the meliai's attack.
The meliai stings you but does no damage.
You miss the meliai. The meliai hits you but does no damage.
You block the meliai's attack.
You hit the meliai.
The meliai is lightly wounded.
You completely miss the meliai.
The meliai is lightly wounded.
You block the meliai's attack. x2
You slice the meliai!!
You kill the meliai!
Okawaru accepts your kill.
Things that are here:
a +0 war axe; a +0 leather armour
Okay, then.
You feel a wave of frost pass over you.
There is an entrance to an ice cave on this level.
Hurry and find it before the portal melts!
Welcome back, SkeletonJelly the Barachi Fighter.
Okawaru says: Bring me glory in combat!
Press ? for a list of commands and other information.
You start resting.
You hear the faint crackling of a melting archway very nearby.
You start resting.
You feel like a meek peon again.
You regained 9 hp, and now have 44/135 hp.
You regained 5 mp, and now have 21/22 mp.
You start resting.
Your hands slow down.
You start resting.
Magic restored.
MP restored: 22 You start resting.
You hear the faint crackling of a melting archway very nearby.
You regained 6 hp, and now have 52/135 hp.
You start resting.
You hear the crackling of a melting archway very nearby.
You regained 16 hp, and now have 68/135 hp.
Found a frozen archway.
There is a frozen archway here.
The world spins around you as you enter the gateway.
You enter an ice cave!
The white very ugly thing gurgles horribly!
Found four items.
Found an ice covered gate leading back out of this place.
There is an ice choked empty arch of ancient stone here.
Found 6 stones and a scroll of vulnerability.
The harpy simulacrum barely misses you.
The harpy simulacrum closely misses you.
The harpy simulacrum claws you but does no damage.
The harpy simulacrum claws you. The harpy simulacrum freezes you!!
There is an ice choked empty arch of ancient stone here.
You take 20 damage, and have 54/135 hp.
The harpy simulacrum attacks as you move away!
The harpy simulacrum claws you. The harpy simulacrum freezes you!!
* * * LOW HITPOINT WARNING * * *
The harpy simulacrum barely misses you. The harpy simulacrum claws you.
* * * LOW HITPOINT WARNING * * *
The harpy simulacrum freezes you!
* * * LOW HITPOINT WARNING * * *
The harpy simulacrum claws you but does no damage.
You block the anaconda simulacrum's attack.
The anaconda simulacrum closely misses you.
The harpy simulacrum claws you.
* * * LOW HITPOINT WARNING * * *
The harpy simulacrum freezes you!
* * * LOW HITPOINT WARNING * * *
The harpy simulacrum claws you but does no damage.
There is an ice covered gate leading back out of this place, spattered with blood here.
You take 43 damage, and have 11/135 hp.
MASSIVE DAMAGE!!
Okay, then.
Okay, then.
Unknown command.
Okay, then.
You fade into invisibility!
The harpy simulacrum claws you but does no damage.
The harpy simulacrum barely misses you.
The harpy simulacrum claws you but does no damage.
You block the harpy simulacrum's attack.
The anaconda simulacrum bites you!
* * * LOW HITPOINT WARNING * * *
The anaconda simulacrum freezes you!!
You die...

####
##...###
........##
.........##
...Z.Z....##
?..8.......#
.?.......Z.#
©[)...uZ.Z@#
.?.......Z.#
(..8.......#
......Z...##
......Z..##
........##
##...###
####


You could see a white very ugly thing (unable to see you), an anaconda
simulacrum (unable to see you), 2 dire elephant simulacra, a lindwurm simulacrum
(unable to see you), a golden dragon simulacrum (unable to see you), 2 harpy
simulacra and an ettin simulacrum (unable to see you).

Vanquished Creatures
  Rupert (D:12)
  2 orc warlords
  2 ettins
  An ice dragon (D:13)
  11 hydras
  Harold (D:9)
  Josephine (D:11)
  A merfolk avatar (Lair:5)
  3 boulder beetles
  A catoblepas (D:14)
  A two-headed ogre (D:11)
  2 centaur warriors
  19 death yaks
  Urug (D:13)
  3 orc high priests (Orc:2)
  An iron troll (D:13)
  3 bog bodies (Lair:2)
  A sea snake (Lair:5)
  A phantasmal warrior (D:13)
  A wizard (D:12)
  Pikel (D:5)
  A harpy (Lair:5)
  8 orc knights
  A cyclops (shapeshifter) (D:13)
  2 deep elf pyromancers (D:12)
  4 orc sorcerers
  A wolf spider (D:11)
  6 elephants
  6 ugly things
  4 cyclopes
  2 manticores
  5 gargoyles
  8 black mambas
  An unseen horror (D:12)
  15 cane toads
  10 komodo dragons
  4 kobold demonologists
  Maggie (Lair:1)
  7 rime drakes
  A yaktaur (shapeshifter) (D:12)
  A troll (shapeshifter) (D:13)
  3 meliai
  A hornet (D:8)
  2 polar bears (Lair:4)
  7 trolls
  3 wind drakes (Lair:5)
  4 slime creatures
  A snapping turtle (Lair:5)
  14 blink frogs
  2 shadows
  A jumping spider (Lair:2)
  5 wraiths
  A vampire (D:10)
  23 yaks
  7 wyverns
  3 basilisks
  A steam dragon (D:7)
  8 vampire mosquitoes
  Menkaure (D:6)
  3 wargs
  2 acid dragons
  13 water moccasins
  3 ice beasts
  32 orc warriors
  A black bear (D:6)
  7 ogres
  9 wolves
  2 centaurs
  2 phantoms
  4 kobold brigands
  Blork the orc (D:6)
  2 gnoll sergeants
  10 necrophages
  9 bullfrogs
  3 scorpions
  3 wights (D:8)
  2 troll zombies (D:11)
  10 killer bees
  A howler monkey (D:11)
  5 electric eels
  2 jellies (D:7)
  3 hounds
  16 orc priests
  A gnoll bouda (D:7)
  2 iguanas (D:4)
  Ijyb (D:4)
  11 orc wizards
  6 ogre zombies (D:11)
  Robin (D:3)
  6 gnolls
  6 adders
  A shadow imp (D:6)
  A white imp (D:5)
  An ufetubus (D:4)
  2 dart slugs (D:2)
  57 orcs
  5 bats
  3 endoplasms
  2 giant cockroaches
  15 goblins
  5 hobgoblins
  11 jackals
  19 kobolds
  4 quokkas
  5 ball pythons
  2 frilled lizards
  4 goblin zombies (D:11)
  A hobgoblin skeleton (D:11)
  2 hobgoblin zombies (D:11)
  3 orc skeletons (D:11)
  15 orc zombies (D:11)
  5 rats
575 creatures vanquished.

Vanquished Creatures (others)
  An orc (D:4)
  52 fungi
  85 plants
  4 toadstools (D:1)
142 creatures vanquished.

Grand Total: 717 creatures vanquished

Notes
Turn   | Place    | Note
-------+----------+-------------------------------------------
     0 | D:1      | SkeletonJelly the Barachi Fighter began the quest for the
                  | Orb.
     0 | D:1      | Reached XP level 1. HP: 18/18 MP: 1/1
   346 | D:1      | Reached XP level 2. HP: 25/25 MP: 2/2
   446 | D:1      | Reached skill level 4 in Fighting
   582 | D:1      | Reached XP level 3. HP: 30/30 MP: 3/3
   918 | D:1      | Found Racweug's Antique Armour Boutique.
  1386 | D:2      | Reached XP level 4. HP: 38/38 MP: 4/4
  2273 | D:3      | Noticed Robin
  2304 | D:3      | Killed Robin
  2305 | D:3      | Reached skill level 5 in Long Blades
  3212 | D:4      | Reached XP level 5. HP: 36/43 MP: 5/5
  3212 | D:4      | Noticed Ijyb
  3508 | D:4      | Killed Ijyb
  3524 | D:4      | Reached skill level 5 in Fighting
  3776 | D:4      | Found a staircase to the Ecumenical Temple.
  3808 | Temple   | Entered the Ecumenical Temple
  3808 | Temple   | Found a transporter.
  3808 | Temple   | Found a transporter.
  3964 | Temple   | Found a transporter.
  3964 | Temple   | Found a transporter.
  4648 | D:5      | Entered Level 5 of the Dungeon
  4648 | D:5      | Noticed a phantom
  4672 | D:5      | Killed a phantom
  4673 | D:5      | Reached XP level 6. HP: 33/51 MP: 6/6
  5099 | D:5      | Noticed Pikel
  5109 | D:5      | Killed Pikel
  5110 | D:5      | Reached skill level 6 in Fighting
  5110 | D:5      | Reached XP level 7. HP: 50/59 MP: 7/7
  5907 | D:5      | Reached skill level 7 in Fighting
  5907 | D:5      | Reached XP level 8. HP: 67/67 MP: 8/8
  6220 | D:5      | Found Hibris's Weapon Emporium.
  6659 | D:6      | Noticed Menkaure
  6668 | D:6      | Killed Menkaure
  6921 | D:6      | Reached skill level 10 in Long Blades
  7120 | D:6      | Reached skill level 8 in Fighting
  7170 | D:6      | Noticed Blork the orc
  7313 | D:6      | Killed Blork the orc
  7554 | D:6      | Reached XP level 9. HP: 68/75 MP: 9/9
  7698 | D:6      | Found a shadowy altar of Dithmenos.
  8121 | D:7      | Reached skill level 9 in Fighting
  8278 | D:7      | Identified the ring of Dula Icw {Will+ AC+4 Int+6}
  8861 | D:7      | Identified the +3 ring mail "Omiut" {rCorr Str+2}
  9013 | D:7      | Found an ancient bone altar of Kikubaaqudgha.
  9013 | D:7      | Found a stormy altar of Qazlal.
  9161 | D:8      | Noticed a hornet
  9165 | D:8      | Paralysed by a hornet for 1 turns
  9168 | D:8      | Killed a hornet
  9170 | D:8      | Found an iron altar of Okawaru.
  9179 | D:8      | Became a worshipper of Warmaster Okawaru
  9455 | D:8      | Reached skill level 10 in Fighting
  9476 | D:8      | Reached * piety under Okawaru
  9477 | D:8      | Reached XP level 10. HP: 23/85 MP: 10/10
 10142 | D:9      | Noticed Harold
 10173 | D:9      | Killed Harold
 10173 | D:9      | Reached ** piety under Okawaru
 10174 | D:9      | Reached skill level 11 in Fighting
 10213 | D:9      | Reached skill level 12 in Fighting
 11194 | D:9      | Reached *** piety under Okawaru
 11195 | D:9      | Reached skill level 13 in Fighting
 11309 | D:9      | Found a radiant altar of Vehumet.
 11717 | D:10     | Entered Level 10 of the Dungeon
 11742 | D:10     | Reached skill level 1 in Invocations
 12134 | D:10     | Noticed a kobold demonologist
 12136 | D:10     | Noticed a soul eater
 12137 | D:10     | Noticed a sixfirhy
 12147 | D:10     | Killed a kobold demonologist
 12148 | D:10     | Reached XP level 11. HP: 61/98 MP: 10/12
 12347 | D:10     | Reached skill level 5 in Armour
 12678 | D:10     | Reached skill level 5 in Shields
 12848 | D:10     | Found a portal to a secret trove of treasure.
 12911 | D:11     | Found a staircase to the Orcish Mines.
 13092 | D:10     | Reached **** piety under Okawaru
 13737 | D:11     | Noticed a two-headed ogre
 13745 | D:11     | Killed a two-headed ogre
 13895 | D:11     | Noticed a cyclops
 13906 | D:11     | Killed a cyclops
 13925 | D:11     | Reached ***** piety under Okawaru
 14200 | D:11     | Noticed a green ugly thing
 14202 | D:11     | Noticed a manticore
 14210 | D:11     | Killed a green ugly thing
 14224 | D:11     | Killed a manticore
 14559 | D:11     | Noticed a cyan ugly thing
 14576 | D:11     | Killed a cyan ugly thing
 14601 | D:11     | Reached skill level 5 in Invocations
 14621 | D:11     | Received a gift from Okawaru
 15085 | D:11     | Noticed Josephine
 15100 | D:11     | Killed Josephine
 15101 | D:11     | Reached XP level 12. HP: 103/105 MP: 14/16
 15198 | D:11     | Noticed a centaur warrior
 15590 | D:11     | Killed a centaur warrior
 15675 | D:11     | Noticed an eight-headed hydra
 16089 | D:11     | Found Hytrua's Serpentskin Sales.
 16238 | D:11     | Found a staircase to the Lair.
 16660 | D:11     | Reached skill level 1 in Dodging
 16681 | D:11     | Killed an eight-headed hydra
 17233 | Lair:1   | Entered Level 1 of the Lair of Beasts
 17844 | Lair:1   | Noticed Maggie
 17853 | Lair:1   | Killed Maggie
 18141 | Lair:1   | Reached skill level 10 in Armour
 18481 | Lair:1   | Noticed a boulder beetle
 18722 | Lair:2   | Noticed a six-headed hydra
 18764 | Lair:1   | Killed a boulder beetle
 19265 | Lair:1   | Gained mutation: You can hop long distances. [Barachi
                  | growth]
 19265 | Lair:1   | Reached XP level 13. HP: 99/111 MP: 19/19
 19524 | Lair:2   | Received a gift from Okawaru
 19618 | Lair:2   | Found a hole to the Spider Nest.
 19708 | Lair:2   | Reached skill level 5 in Dodging
 20541 | Lair:2   | Found a staircase to the Swamp.
 22164 | Lair:3   | Reached skill level 10 in Invocations
 23098 | Lair:4   | Found a staircase to the Slime Pits.
 23120 | Lair:4   | Received a gift from Okawaru
 23211 | Lair:4   | Reached XP level 14. HP: 74/118 MP: 21/21
 23913 | Lair:4   | Found a viscous altar of Jiyva.
 24239 | Lair:5   | Entered Level 5 of the Lair of Beasts
 24849 | Lair:5   | Reached skill level 14 in Fighting
 25273 | Lair:5   | Identified the +4 scale mail "Cunnucagg" {rF+ Int+2}
                  | (Okawaru gifted it to you on level 5 of the Lair of Beasts)
 25273 | Lair:5   | Received a gift from Okawaru
 25289 | Lair:5   | Identified the +2 rapier "Ferav" {vorpal, rElec rCorr
                  | Str+2}
 25800 | Lair:5   | Noticed Ciataod's ghost (journeyman DEVM)
 26105 | Lair:5   | Found a runed translucent gate.
 26105 | Lair:5   | Found a runed translucent gate.
 26105 | Lair:5   | Found a runed translucent gate.
 26144 | Lair:5   | Reached skill level 15 in Fighting
 26178 | Arena    | Entered the Arena
 26180 | Arena    | HP: 4/123 [death yak (9)]
 27429 | Lair:5   | Reached skill level 16 in Fighting
 28170 | D:12     | Noticed Rupert
 28191 | D:12     | Killed Rupert
 28197 | D:12     | Reached XP level 15. HP: 103/132 MP: 16/22
 28875 | D:12     | Found a stormy altar of Qazlal.
 29171 | D:12     | Identified the +0 robe of the Ant {rElec rCorr}
 29352 | D:12     | Reached skill level 17 in Fighting
 29352 | D:12     | Reached skill level 15 in Armour
 30119 | D:13     | Found a transporter.
 30129 | D:13     | Found a transporter.
 30166 | D:13     | Noticed Urug
 30184 | D:13     | Killed Urug
 30819 | D:13     | Found a gate to the Vaults.
 31051 | D:13     | Identified a scroll of acquirement
 31052 | D:13     | Acquired a manual of Armour
 31261 | Orc:1    | Entered Level 1 of the Orcish Mines
 32126 | Orc:1    | Found Ucrahet's Jewellery Boutique.
 32381 | Orc:1    | Found Vobi's Antique Weapon Shoppe.
 32411 | Orc:1    | Found Yducw's Jewellery Shoppe.
 32546 | Orc:1    | Noticed an orc warlord
 32818 | D:11     | Killed an orc warlord
 32819 | D:11     | Reached skill level 18 in Fighting
 33126 | Orc:2    | Entered Level 2 of the Orcish Mines
 33126 | Orc:2    | Found Podit's Antique Weapon Emporium.
 33126 | Orc:2    | Found Fudiang's General Store.
 33618 | Orc:2    | Paralysed by an orc sorcerer for 3 turns
 34015 | Orc:2    | Found a staircase to the Elven Halls.
 34097 | Orc:2    | Noticed an orc warlord
 34130 | Orc:2    | Killed an orc warlord
 34149 | Orc:2    | HP: 2/119 [soul eater/drain life[an orc high priest] (14)]
 34164 | Orc:2    | HP: 5/119 [soul eater/drain life[an orc high priest] (9)]
 34182 | Orc:2    | HP: 2/115 [barbs]
 34698 | Orc:2    | Found Nezeqief's Antique Armour Emporium.
 35100 | Orc:2    | Found Rifeshan's Book Emporium.
 36127 | D:14     | Reached skill level 1 in Evocations
 36705 | D:15     | Entered Level 15 of the Dungeon
 36754 | D:15     | Upgraded the game from 0.29-a0-885-gb26ba3297d to
                  | 0.29-a0-887-gcbe080d7e0
 36864 | D:15     | Found a frozen archway.
 36872 | IceCv    | Entered an ice cave
 36876 | IceCv    | HP: 2/135 [anaconda simulacrum (9)]
 36876 | IceCv    | Annihilated by an anaconda simulacrum

Illustrated notes

Levels and vault maps discovered:
D:1:      ldierk_walled_garden_2, layout_loops_cross, serial_shops,
          nicolae_shop_advertising_works [nicolae_subvault_shop_adworks],
          minmay_misc_feat_rugged
D:2:      layout_basic, serial_glass, glass_columns_a, glass_columns_c
D:3:      layout_basic, uniq_robin
D:4:      layout_basic, minmay_temple_entry_sparse_star, uniq_ijyb
D:5:      layout_loops_ring, serial_shops, nicolae_shop_hallway_stairs,
          st_stairs_13, uniq_pikel
D:6:      cheibrodos_iron_armory, layout_cave_pools, lemuel_tele_altar,
          serial_bayou, serial_bayou_crossing, serial_bayou_shore_a,
          serial_bayou_lagoon_a, serial_bayou_pond_b,
          hangedman_abyss_or_decor_stabs, uniq_menkaure, uniq_blork_the_orc
D:7:      layout_gridville, gammafunk_temple_overflow_elements, serial_rivers,
          chequers_serial_rivers_small_b, chequers_serial_rivers_small_a,
          chequers_serial_rivers_micro_e, chequers_serial_rivers_room_b
D:8:      layout_loops_ring, okawaru_metal_pillars_3
D:9:      layout_loops_ring, vehumet_crystals, lemuel_flamethrower_2,
          uniq_harold
D:10:     layout_rooms, nicolae_trove_entry_diagonal, minmay_misc_feat_iff,
          kennysheep_generic_room_5
D:11:     minmay_the_grid_triangle_9x9_line_8_mashed
          [minmay_the_grid_triangle_9x9_flanged_cone,
          minmay_the_grid_triangle_9x9_minimal,
          minmay_the_grid_triangle_9x9_from_above,
          minmay_the_grid_triangle_9x9_longest,
          minmay_the_grid_triangle_9x9_dagger,
          minmay_the_grid_triangle_9x9_zippers_horizontal,
          minmay_the_grid_triangle_9x9_limited_checkers,
          minmay_the_grid_triangle_9x9_prize_top_heavy], layout_gridville,
          zombieorc2_lemuel, guppyfry_shop_venom, uniq_josephine
D:12:     layout_stronghold, minmay_ruined_shrine, uniq_rupert
D:13:     gammafunk_wand_slinger, layout_basic, david_vaults_4, uniq_urug
D:14:     layout_roguey, reono_crystal_passage
D:15:     gammafunk_depths_entry_grave, layout_grid_maze,
          portal_ice_cave_entry_pillars_2
Temple:   hellmonk_temple_divided_pantheon
Lair:1:   layout_regular_city, uniq_maggie
Lair:2:   layout_chaotic_city, nicolae_swamp_entry_splash_gauntlet,
          spider_nest_entry_rubble, roderic_carrion_pond, grunt_megastairs_1
Lair:3:   layout_hall_layers, infiniplex_staircase_pool, grunt_megastairs_4,
          lemuel_fruit_tree
Lair:4:   layout_regular_city, slime_entry_1
Lair:5:   gammafunk_lair_ancient_temple, layout_regular_city,
          maelrawn_ghost_gauntlet_escape, grunt_forest_stairs_basic
Orc:1:    cheibrodos_orc_arena, layout_caves, serial_shops, shop, shop_statue,
          nicolae_shop_behind_doors
Orc:2:    grunt_orc_gardens, layout_caves, grunt_orc_garden, grunt_orc_garden,
          grunt_orc_garden, grunt_orc_garden, mines3_lemuel
IceCv:    ice_cave_statue_garden_transporter

Skill      XL: |  1  2  3  4  5  6  7  8  9 10 11 12 13 14 15 |
---------------+----------------------------------------------+-----
Long Blades    | 3 4 5 6 8 9 11 13 14 | 14.0
Fighting       | 4 5 6 7 8 10 13 16 18 | 18.9
Armour         | 4 8 10 12 14 16 | 16.9
Invocations    | 2 5 8 10 | 10.0
Shields        | 4 7 8 |  8.3
Dodging        | 4 8 9 |  9.0
Evocations     | 2 |  2.7

Action                   |  1- 3 |  4- 6 |  7- 9 | 10-12 | 13-15 || total
-------------------------+-------+-------+-------+-------+-------++-------
Melee: Long sword        |   123 |   199 |   272 |   975 |  2097 ||  3666
       Dagger            |       |       |       |    20 |   166 ||   186
Throw: Dart              |       |       |     2 |     1 |     1 ||     4
Invok: Heroism           |       |       |       |    22 |    35 ||    57
       Finesse           |       |       |       |     3 |    12 ||    15
       Duel              |       |       |       |       |     1 ||     1
 Abil: Hop               |       |     3 |     2 |     3 |     9 ||    17
Evoke: Wand              |       |     3 |    12 |     3 |    21 ||    39
       Condenser vane    |       |       |       |       |     1 ||     1
  Use: Potion            |       |     1 |       |       |    19 ||    20
       Scroll            |       |       |       |     6 |    21 ||    27
 Stab: Invisible         |       |       |       |       |     3 ||     3
Armor: Scale mail        |    66 |    86 |   108 |    50 |       ||   310
       Plate armour      |       |       |       |   505 |  1293 ||  1798
Dodge: Dodged            |    69 |    85 |    86 |   317 |   944 ||  1501
Block: Buckler           |    32 |    43 |    32 |   225 |   817 ||  1149

Table legend: (Time is in decaauts)
 A = Elapsed time spent in this place.
 B = Non-inter-level travel time spent in this place.
 C = Inter-level travel time spent in this place.
 D = Time resting spent in this place.
 E = Time spent auto-exploring this place.
 F = Levels seen in this place.
 G = Mean time per level.
                   A        B        C        D        E       F      G
               +--------+--------+--------+--------+--------+-----+--------+
         Total |  38866 |  36709 |   2157 |   1065 |  29656 |  25 | 1554.6 |
       Dungeon |  24463 |  22893 |   1570 |    328 |  19204 |  15 | 1630.9 |
        Temple |    207 |    197 |     10 |      0 |    161 |   1 |  207.0 |
          Lair |  10560 |  10188 |    372 |    217 |   8133 |   5 | 2112.0 |
  Orcish Mines |   3604 |   3400 |    204 |    520 |   2158 |   2 | 1802.0 |
      Ice Cave |      4 |      4 |      0 |      0 |      0 |   1 |    4.0 |
         Arena |     26 |     26 |      0 |      0 |      0 |   1 |   26.0 |
               +--------+--------+--------+--------+--------+-----+--------+

Top non-repeatable levels by time:
    D:11: 5110 daAuts
  Lair:4: 2938 daAuts
  Lair:5: 2612 daAuts
     D:3: 2243 daAuts
   Orc:1: 2198 daAuts
    D:12: 2116 daAuts
    D:10: 2063 daAuts
  Lair:2: 1947 daAuts
     D:5: 1707 daAuts
     D:4: 1698 daAuts
     D:9: 1596 daAuts
  Lair:3: 1533 daAuts
  Lair:1: 1527 daAuts
     D:6: 1507 daAuts
   Orc:2: 1405 daAuts
